 Dungeon Crawl Stone Soup version 0.15.0-16-gce31824 (console) character file.

1162 gw the Chopper (level 8, -8/68 (72) HPs)
             Began as a Deep Dwarf Gladiator on Sept 5, 2014.
             Was a Believer of Makhleb.
             Mangled by an orc warrior
             ... wielding a +0 halberd
              (15 damage)
             ... on Level 6 of the Dungeon.
             The game lasted 00:03:40 (5208 turns).

gw the Chopper (Deep Dwarf Gladiator)               Turns: 5208, Time: 00:03:40

HP  -8/68 (72)   AC  9     Str 19      XL: 8   Next: 17%
MP  10/10        EV  8     Int  9      God: Makhleb [**....]
Gold 0           SH  0     Dex 15      Spells:  0 memorised,  7 levels left

rFire  + . .     SeeInvis .     a - +1 war axe
rCold  . . .     Clarity  .     h - +0 scale mail {rF+}
rNeg   . . .     rCorr    .     (no shield)
rPois  .         rRot     .     c - +0 helmet
rElec  .         Spirit   .     (no cloak)
SustAb .         Warding  .     (no gloves)
rMut   .         Stasis   .     l - +0 pair of boots
Gourm  .                        (no amulet)
MR     +....                    (no ring)
                                (no ring)

@: non-regenerating, somewhat resistant to hostile enchantments, extremely
unstealthy
A: damage resistance, recharge devices, sense surroundings 1, slow healing 3
a: Device Recharging, Minor Destruction, Renounce Religion


You were on level 6 of the Dungeon.
You worshipped Makhleb.
Makhleb was pleased with you.
You were not hungry.

You visited 2 branches of the dungeon, and saw 7 of its levels.

Inventory:

Hand weapons
 a - a +1 war axe (weapon)
Missiles
 d - 3 throwing nets
 m - 14 stones (quivered)
Armour
 c - a +0 helmet (worn)
 h - a +0 scale mail of fire resistance (worn)
 l - a +0 pair of boots (worn)
Magical devices
 b - a wand of random effects (7)
 e - a wand of heal wounds (3)
Comestibles
 f - 5 bread rations
 g - 3 meat rations
 i - 2 chunks of giant frog flesh
 k - a royal jelly
 p - 2 fruits
Scrolls
 n - 4 scrolls of identify


   Skills:
 + Level 3.9 Fighting
 * Level 7.3 Axes
 + Level 4.2 Throwing
 + Level 4.0 Armour
 - Level 3.2 Dodging
 + Level 3.6 Invocations


You had 7 spell levels left.
You didn't know any spells.

Dungeon Overview and Level Annotations

Branches:
Dungeon (6/15)             Temple (1/1) D:4

Altars:
Cheibriados
Dithmenos
Elyvilon
Fedhas
Makhleb
Nemelex Xobeh
Okawaru
Qazlal
Sif Muna
Trog
Xom
The Shining One

Shops:
D:5 *

Annotations:
D:2 exclusion: downstairs


Innate Abilities, Weirdness & Mutations

You are resistant to damage.
You can recharge devices by infusing magical energy.
You passively map a small area around you.
You do not heal naturally.


Message History

The orc warrior is lightly wounded.
The orc warrior hits you with a halberd!
The orc wizard mumbles some strange words.
The orc wizard seems to speed up.
ATTACK MOVE TO (-1,0)
You barely miss the orc warrior.
The orc warrior is lightly wounded.
The orc warrior hits you but does no damage.
The orc wizard casts a spell.
The orc wizard blinks!
ATTACK MOVE TO (-1,0)
You hit the orc warrior.
The orc warrior is lightly wounded.
The orc warrior hits you with a halberd!!
Use which ability? (? or * to list) Charge which item? (? for menu, Esc to quit)
Your wand of heal wounds (0) glows for a moment and now has 3 charges.
The orc wizard hits you with a dagger.
The orc warrior hits you with a halberd!!
You die...

...?.....)..........)......#
............................
#................#...###.###
##......#.....#..###.....###
#.......#..##.#..###......#.
*
*#...#.#.##.##.#...###.###...
,... #.#.##.##.#.............
. #>..(()##.#...###.###.##
.#...%.ogo.#...###.##....
.............(....).........
...#......##(......#.##.... ,
...#......##(........##.... ,
..#........(..............
>........##(#....##..##... ,
,.#.........(..............
.........###.....((((((((( *
##.....## #....#.....#...


You could see an orc warrior and an orc wizard.

Table legend:
 A = Turns spent in this place as a percentage of turns spent in the entire game.
 B = Non-inter-level travel turns spent in this place as a percentage of non-inter-level travel turns spent in the entire game.
 C = Inter-level travel turns spent in this place as a percentage of turns spent in this place.
 D = Turns resting spent in this place as a percentage of non-inter-level travel turns spent in this place.
 E = Turns spent auto-exploring this place as a percentage of non-inter-level travel turns spent in this place.
 F = Non-inter-level travel turns spent in this place divided by the number of levels of this place that you've seen.
                   A       B       C       D       E      F
               +-------+-------+-------+-------+-------+----------------------
         Total | 100.0 | 100.0 |   1.4 |   0.1 |  16.5 | 247.9
       Dungeon |  97.8 |  97.9 |   1.3 |   0.1 |  16.3 | 283.0
        Temple |   2.2 |   2.1 |   2.6 |   0.0 |  27.0 |  37.0
               +-------+-------+-------+-------+-------+----------------------

Table legend:
 A = Kills in this place as a percentage of kills in entire the game.
 B = Kills by you in this place as a percentage of kills by you in the entire game.
 C = Kills by friends in this place as a percentage of kills by friends in the entire game.
 D = Other kills in this place as a percentage of other kills in the entire game.
 E = Experience gained in this place as a percentage of experience gained in the entire game.
 F = Experience gained in this place divided by the number of levels of this place that you have seen.
                   A       B       C       D       E      F
               +-------+-------+-------+-------+-------+----------------------
         Total | 100.0 | 100.0 |  -nan |  -nan | 100.0 | 237.1
       Dungeon | 100.0 | 100.0 |  -nan |  -nan | 100.0 | 276.7
               +-------+-------+-------+-------+-------+----------------------

Vanquished Creatures
  The ghost of Kassandra the Sneak, an average SpEn of Makhleb (D:3)
  A centaur (D:6)
  A necrophage (D:6)
  An ogre (D:5)
  A giant frog (D:6)
  A scorpion (D:4)
  An orc priest (D:5)
  2 iguanas (D:5)
  2 hounds (D:5)
  5 orc wizards
  6 worker ants
  Terence (D:2)
  A worker ant zombie (D:6)
  4 gnolls (D:4)
  10 adders
  A goliath beetle zombie (D:6)
  An orc zombie (D:5)
  6 giant geckos
  2 oozes
  16 orcs
  13 bats
  2 giant cockroaches (D:3)
  6 hobgoblins
  8 jackals
  3 quokkas
  4 giant newts
  A giant spore (D:6)
  A gnoll skeleton (D:4)
  9 goblins
  A goblin skeleton (D:4)
  12 kobolds
  15 rats
  3 ballistomycetes (D:6)
  2 butterflies (D:5)
144 creatures vanquished.

Notes
Turn   | Place    | Note
--------------------------------------------------------------
     0 | D:1      | gw, the Deep Dwarf Gladiator, began the quest for the Orb.
     0 | D:1      | Reached XP level 1. HP: 19/19 MP: 1/1
   196 | D:1      | Reached XP level 2. HP: 19/26 MP: 2/2
   529 | D:1      | Reached skill level 1 in Armour
  1071 | D:2      | Reached skill level 4 in Axes
  1071 | D:2      | Reached XP level 3. HP: 20/32 MP: 3/3
  1355 | D:2      | Reached XP level 4. HP: 21/39 MP: 4/4
  1395 | D:2      | Found a stormy altar of Qazlal.
  1398 | D:2      | Found a blossoming altar of Fedhas.
  1536 | D:2      | Noticed Terence
  1546 | D:2      | Killed Terence
  1768 | D:3      | Noticed Kassandra's ghost (average SpEn)
  1948 | D:3      | Killed Kassandra's ghost
  1948 | D:3      | Reached skill level 5 in Axes
  1948 | D:3      | Reached XP level 5. HP: 29/46 MP: 5/5
  2340 | D:3      | Reached XP level 6. HP: 28/55 MP: 6/6
  3480 | D:4      | Found a staircase to the Ecumenical Temple.
  3490 | Temple   | Entered the Ecumenical Temple
  3530 | Temple   | Became a worshipper of Makhleb the Destroyer
  3814 | D:4      | Found a shadowy altar of Dithmenos.
  3828 | D:4      | Reached skill level 6 in Axes
  3999 | D:5      | Entered Level 5 of the Dungeon
  4006 | D:5      | Reached skill level 1 in Invocations
  4009 | D:5      | Reached XP level 7. HP: 21/62 MP: 6/8
  4053 | D:5      | Found a shimmering altar of Xom.
  4147 | D:5      | Acquired Makhleb's first power
  4335 | D:5      | Found Pounim's Assorted Antiques.
  4911 | D:6      | Found a glowing golden altar of the Shining One.
  5019 | D:6      | Acquired Makhleb's second power
  5066 | D:6      | Reached skill level 7 in Axes
  5066 | D:6      | Reached XP level 8. HP: 35/68 MP: 11/11
  5208 | D:6      | Mangled by an orc warrior

Action                   |  1- 3 |  4- 6 |  7- 9 || total
-------------------------+-------+-------+-------++-------
Melee: War axe           |    80 |   171 |   166 ||   417
Throw: Tomahawk          |    45 |    54 |    34 ||   133
       Stone             |    13 |    42 |    57 ||   112
Invok: Minor Destruction |       |       |     9 ||     9
 Abil: Device Recharging |       |       |     3 ||     3
Evoke: Wand              |       |     3 |    11 ||    14
  Use: Scroll            |     4 |     6 |     3 ||    13
       Potion            |     1 |     3 |     4 ||     8
  Eat: Chunk             |     1 |     9 |     5 ||    15

Vault maps used:
D:1:      erik_arrival_cave_to_civilisation, roderic_serpentine_path,
          hangedman_decor_push
D:2:      grunt_temple_overflow_forces_of_nature, st_stairs_7, uniq_terence
D:4:      nicolae_dithmenos_through_a_glass_darkly, minmay_temple_entry_poolview
D:5:      xom_butterflies, first_bread, serial_shops, nicolae_shop_crystal,
          hangedman_decor_slide_cut, grunt_ministairs_7
D:6:      lemuel_insect_pit, grunt_temple_overflow_open, item_on_display_a
Temple:   temple_island_7
